TOP OF THE 1ST |
Lowell Spinners batting - Pitching for Staten Island Yankees : RHP Francisco Rosado
|
Pitching: RHP Francisco Rosado
|
|
Batting: RHB Matt Parker
|
0-0: Called Strike 0-1: Swinging Strike 0-2: Foul Ball, location: 2F 0-2: Strikes out swinging
|
Batting: RHB Xavier Joslin
|
0-0: Ball 1-0: Fly out, F8 (Flyball, 89S, EV 84.4 MPH)
|
Batting: RHB Tony Gallegos
|
0-0: Called Strike 0-1: Ball 1-1: Swinging Strike 1-2: Strikes out swinging
|
Top of the 1st over - 0 runs, 0 hits, 0 errors, 0 left on base; Lowell 0 - Staten Island 0 |
BOTTOM OF THE 1ST |
Staten Island Yankees batting - Pitching for Lowell Spinners : LHP Ken Berger
|
Pitching: LHP Ken Berger
|
|
Batting: RHB Matt Thompson
|
0-0: Called Strike 0-1: Ball 1-1: Foul Ball, location: 2F 1-2: Ball 2-2: Ground out 4-3 (Groundball, 4, EV 88.8 MPH)
|
Batting: SHB Adam Slade
|
0-0: Ball 1-0: Called Strike 1-1: Called Strike 1-2: Foul Ball, location: 2F 1-2: Foul Ball, location: 2F 1-2: Strikes out swinging
|
Batting: SHB Tadaaki Kondo
|
0-0: Called Strike 0-1: Foul Ball, location: 2F 0-2: Strikes out looking
|
Bottom of the 1st over - 0 runs, 0 hits, 0 errors, 0 left on base; Lowell 0 - Staten Island 0 |
TOP OF THE 2ND |
Lowell Spinners batting - Pitching for Staten Island Yankees : RHP Francisco Rosado
|
Batting: RHB Mario Arriero
|
0-0: Ball 1-0: Foul Ball, location: 2F 1-1: Swinging Strike 1-2: Reached on error, E6 (Groundball, P, EV 85.6 MPH)
|
Batting: RHB Curt Stallings
|
0-0: Called Strike 0-1: Ground out 6-3 (Groundball, 6, EV 79.4 MPH)
|
Batting: RHB Willie Camacho
|
0-0: Ball 1-0: Foul Ball, location: 2F 1-1: Ball 2-1: Foul Ball, location: 2F 2-2: Ball 3-2: Strikes out swinging
|
Batting: RHB Mike Strey
|
0-0: Called Strike 0-1: Foul Ball, location: 2F 0-2: Ball 1-2: Foul Ball, location: 2F 1-2: Foul Ball, location: 2F 1-2: SINGLE (Flyball, 9LS, EV 95.0 MPH) Mario Arriero to third Runner from 3rd tries for Home, SAFE, throw by RF to home
|
Batting: RHB Jose Molina
|
0-0: Called Strike 0-1: Ball 1-1: Fly out, F8 (Flyball, 8RD, EV 86.9 MPH)
|
Top of the 2nd over - 1 run, 1 hit, 1 error, 1 left on base; Lowell 1 - Staten Island 0 |
BOTTOM OF THE 2ND |
Staten Island Yankees batting - Pitching for Lowell Spinners : LHP Ken Berger
|
Batting: RHB Pat Pemberton
|
0-0: Ball 1-0: Foul Ball, location: 2F 1-1: Swinging Strike 1-2: Ball 2-2: DOUBLE (Flyball, 89D, EV 96.2 MPH)
|
Batting: LHB Mike Schermerhorn
|
0-0: Foul Ball, location: 2F 0-1: Called Strike 0-2: Foul Ball, location: 2F 0-2: Ball 1-2: Ball 2-2: Foul Ball, location: 2F 2-2: Ball 3-2: Foul Ball, location: 2F 3-2: SINGLE (Groundball, 25, EV 70.6 MPH) (infield hit) Pat Pemberton to third
|
Batting: RHB Brad Wren
|
0-0: Ball 1-0: Ball 2-0: Ball 3-0: Base on Balls Mike Schermerhorn to second
|
Batting: RHB Daniel Underhay
|
0-0: Foul Ball, location: 2F 0-1: Swinging Strike 0-2: Ball 1-2: Strikes out swinging
|
Batting: RHB Danny Ayala
|
0-0: Ball 1-0: Called Strike 1-1: Ball 2-1: Ball 3-1: Grounds into double play, 3-6-3 (Groundball, 3, EV 110.6 MPH)
|
Bottom of the 2nd over - 0 runs, 2 hits, 0 errors, 2 left on base; Lowell 1 - Staten Island 0 |
TOP OF THE 3RD |
Lowell Spinners batting - Pitching for Staten Island Yankees : RHP Francisco Rosado
|
Batting: RHB Rogelio Cervantes
|
0-0: Foul Ball, location: 2F 0-1: Ground out 4-3 (Groundball, 4, EV 85.6 MPH)
|
Batting: RHB Matt Parker
|
0-0: Foul Ball, location: 2F 0-1: Ball 1-1: SINGLE (Groundball, 6, EV 96.2 MPH)
|
Batting: RHB Xavier Joslin
|
0-0: Ball 1-0: Called Strike 1-1: Fly out, F9 (Flyball, 9D, EV 78.1 MPH)
|
Batting: RHB Tony Gallegos
|
0-0: Swinging Strike 0-1: Ball 1-1: Fly out, F2 (Popup, 25F, EV 88.1 MPH)
|
Top of the 3rd over - 0 runs, 1 hit, 0 errors, 1 left on base; Lowell 1 - Staten Island 0 |
BOTTOM OF THE 3RD |
Staten Island Yankees batting - Pitching for Lowell Spinners : LHP Ken Berger
|
Batting: LHB Danny de Leon
|
0-0: DOUBLE (Line Drive, 78M, EV 92.5 MPH)
|
Batting: RHB Matt Thompson
|
0-0: Ground out 5-3 (Groundball, 56S, EV 93.8 MPH)
|
Batting: SHB Adam Slade
|
0-0: Ball 1-0: Swinging Strike 1-1: TRIPLE (Flyball, 9LD, EV 103.1 MPH) Danny de Leon scores
|
Batting: SHB Tadaaki Kondo
|
0-0: Called Strike 0-1: Ball 1-1: Foul Ball, location: 2F 1-2: Ball 2-2: Ground out 5-3 (Groundball, 56, EV 105.6 MPH) Adam Slade scores
|
Batting: RHB Pat Pemberton
|
0-0: Ball 1-0: Called Strike 1-1: Ball 2-1: Foul Ball, location: 2F 2-2: Ground out 4-3 (Groundball, 4, EV 90.0 MPH)
|
Bottom of the 3rd over - 2 runs, 2 hits, 0 errors, 0 left on base; Lowell 1 - Staten Island 2 |
TOP OF THE 4TH |
Lowell Spinners batting - Pitching for Staten Island Yankees : RHP Francisco Rosado
|
Batting: RHB Mario Arriero
|
0-0: Called Strike 0-1: Ground out 5-3 (Groundball, 56, EV 86.9 MPH)
|
Batting: RHB Curt Stallings
|
0-0: Ball 1-0: Foul Ball, location: 2F 1-1: Ball 2-1: Swinging Strike 2-2: Ball 3-2: Base on Balls
|
Batting: RHB Willie Camacho
|
0-0: Ball 1-0: Called Strike Curt Stallings steals 2nd base 1-1: Swinging Strike 1-2: SINGLE (Line Drive, 89S, EV 109.4 MPH) Curt Stallings to third
|
Batting: RHB Mike Strey
|
0-0: Ball Willie Camacho is caught stealing 2nd base 2-4 1-0: Fly out, F9 (Flyball, 9S, EV 88.1 MPH)
|
Top of the 4th over - 0 runs, 1 hit, 0 errors, 1 left on base; Lowell 1 - Staten Island 2 |
BOTTOM OF THE 4TH |
Staten Island Yankees batting - Pitching for Lowell Spinners : LHP Ken Berger
|
Batting: LHB Mike Schermerhorn
|
0-0: Ball 1-0: Ball 2-0: Called Strike 2-1: Ball 3-1: Base on Balls
|
Batting: RHB Brad Wren
|
0-0: Ball 1-0: Foul Ball, location: 2F 1-1: Ball 2-1: Ball 3-1: Foul Ball, location: 2F 3-2: Foul Ball, location: 2F 3-2: Base on Balls Mike Schermerhorn to second
|
Batting: RHB Daniel Underhay
|
0-0: Ball 1-0: Ball 2-0: Ball 3-0: Grounds into double play, 5-4-3 (Groundball, 56S, EV 79.4 MPH) Mike Schermerhorn to third
|
Batting: RHB Danny Ayala
|
0-0: Ball 1-0: Called Strike 1-1: Ball 2-1: Called Strike 2-2: Foul Ball, location: 2F 2-2: Ball 3-2: Base on Balls
|
Batting: LHB Danny de Leon
|
0-0: Ball 1-0: SINGLE (Line Drive, 56D, EV 99.4 MPH) Mike Schermerhorn scores Danny Ayala to second Runner from 2nd tries for 3rd, SAFE, throw by LF made to third
|
Batting: RHB Matt Thompson
|
0-0: Called Strike 0-1: Ball 1-1: Foul Ball, location: 2F 1-2: Ball 2-2: Foul Ball, location: 2F 2-2: Strikes out swinging
|
Bottom of the 4th over - 1 run, 1 hit, 0 errors, 2 left on base; Lowell 1 - Staten Island 3 |
TOP OF THE 5TH |
Lowell Spinners batting - Pitching for Staten Island Yankees : RHP Francisco Rosado
|
Batting: RHB Jose Molina
|
0-0: Ball 1-0: Ground out 2-3 (Groundball, 2R, EV 69.4 MPH)
|
Batting: RHB Rogelio Cervantes
|
0-0: Ball 1-0: Foul Ball, location: 2F 1-1: Swinging Strike 1-2: Ball 2-2: Ball 3-2: Foul Ball, location: 2F 3-2: Foul Ball, location: 2F 3-2: Base on Balls
|
Batting: RHB Matt Parker
|
0-0: Ball Rogelio Cervantes steals 2nd base (no throw) 1-0: Fly out, F8 (Flyball, 89M, EV 83.1 MPH)
|
Batting: RHB Xavier Joslin
|
0-0: Ball 1-0: Ball 2-0: Called Strike 2-1: Ball 3-1: Base on Balls
|
Batting: RHB Tony Gallegos
|
0-0: Ball 1-0: Foul Ball, location: 2F 1-1: Foul Ball, location: 2F 1-2: Fly out, F8 (Flyball, 8LM, EV 85.0 MPH)
|
Top of the 5th over - 0 runs, 0 hits, 0 errors, 2 left on base; Lowell 1 - Staten Island 3 |
BOTTOM OF THE 5TH |
Staten Island Yankees batting - Pitching for Lowell Spinners : LHP Ken Berger
|
Batting: SHB Adam Slade
|
0-0: Called Strike 0-1: Ball 1-1: Foul Ball, location: 2F 1-2: Ground out 5-3 (Groundball, 5L, EV 110.6 MPH)
|
Batting: SHB Tadaaki Kondo
|
0-0: Called Strike 0-1: Ball 1-1: Ball 2-1: Foul Ball, location: 2F 2-2: Foul Ball, location: 2F 2-2: Strikes out looking
|
Batting: RHB Pat Pemberton
|
0-0: Fly out, F7 (Flyball, 7S, EV 88.8 MPH)
|
Bottom of the 5th over - 0 runs, 0 hits, 0 errors, 0 left on base; Lowell 1 - Staten Island 3 |
TOP OF THE 6TH |
Lowell Spinners batting - Pitching for Staten Island Yankees : RHP Francisco Rosado
|
Batting: RHB Mario Arriero
|
0-0: Ball 1-0: DOUBLE (Groundball, 5L, EV 105.0 MPH)
|
Batting: RHB Curt Stallings
|
0-0: Ball 1-0: Swinging Strike 1-1: Ball 2-1: Swinging Strike 2-2: Ball Wild Pitch! Mario Arriero to third 3-2: Fly out, F8 (Flyball, 8LD, EV 89.4 MPH) Runner from 3rd tags up, SCORES, throw by CF
|
Batting: RHB Willie Camacho
|
0-0: Called Strike 0-1: Called Strike 0-2: Ball 1-2: Ball 2-2: SINGLE (Line Drive, 9LS, EV 103.8 MPH)
|
Pitching: RHP Jake Bryant
|
|
Batting: RHB Mike Strey
|
0-0: Called Strike 0-1: Foul Ball, location: 2F 0-2: Strikes out swinging
|
Batting: RHB Jose Molina
|
0-0: Ball 1-0: Ball 2-0: Ball 3-0: Called Strike 3-1: Base on Balls Willie Camacho to second
|
Batting: RHB Rogelio Cervantes
|
0-0: Ball 1-0: Ball Passed Ball! Willie Camacho to third Jose Molina to second 2-0: Called Strike 2-1: TRIPLE (Flyball, 89XD, EV 91.2 MPH) Willie Camacho scores Jose Molina scores
|
Batting: RHB Matt Parker
|
0-0: Called Strike 0-1: Ball 1-1: Ball 2-1: Ball 3-1: Base on Balls
|
Batting: RHB Xavier Joslin
|
0-0: Fly out, F3 (Popup, 3SF, EV 64.4 MPH)
|
Top of the 6th over - 3 runs, 3 hits, 0 errors, 2 left on base; Lowell 4 - Staten Island 3 |
BOTTOM OF THE 6TH |
Staten Island Yankees batting - Pitching for Lowell Spinners : LHP Ken Berger
|
Pitching: RHP Armando Berrios
|
|
Batting: LHB Mike Schermerhorn
|
0-0: Called Strike 0-1: Ball 1-1: Foul Ball, location: 2F 1-2: Foul Ball, location: 2F 1-2: Strikes out swinging
|
Batting: RHB Brad Wren
|
0-0: Ball 1-0: Ball 2-0: Ball 3-0: Called Strike 3-1: Base on Balls
|
Batting: RHB Daniel Underhay
|
0-0: Called Strike 0-1: Ball 1-1: Foul Ball, location: 2F 1-2: Strikes out swinging
|
Batting: RHB Danny Ayala
|
0-0: Fielders Choice at 2nd, 6-4 (Groundball, 6, EV 86.9 MPH)
|
Bottom of the 6th over - 0 runs, 0 hits, 0 errors, 1 left on base; Lowell 4 - Staten Island 3 |
TOP OF THE 7TH |
Lowell Spinners batting - Pitching for Staten Island Yankees : RHP Jake Bryant
|
Batting: RHB Tony Gallegos
|
0-0: Ball 1-0: Foul Ball, location: 2F 1-1: Ball 2-1: Foul Ball, location: 2F 2-2: Strikes out looking
|
Pitching: RHP Kenny Samuels
|
|
Batting: RHB Mario Arriero
|
0-0: Ball 1-0: Fly out, F9 (Flyball, 9, EV 85.6 MPH)
|
Batting: RHB Curt Stallings
|
0-0: Swinging Strike 0-1: Swinging Strike 0-2: Strikes out swinging
|
Top of the 7th over - 0 runs, 0 hits, 0 errors, 0 left on base; Lowell 4 - Staten Island 3 |
BOTTOM OF THE 7TH |
Staten Island Yankees batting - Pitching for Lowell Spinners : RHP Armando Berrios
|
Batting: LHB Danny de Leon
|
0-0: Foul Ball, location: 2F 0-1: Called Strike 0-2: Ball 1-2: Ball 2-2: Ball 3-2: Ground out 4-3 (Groundball, 34D, EV 106.9 MPH)
|
Batting: RHB Matt Thompson
|
0-0: Fly out, F8 (Line Drive, 8RD, EV 101.2 MPH)
|
Batting: SHB Adam Slade
|
0-0: Ball 1-0: Foul Ball, location: 2F 1-1: Foul Ball, location: 2F 1-2: Strikes out swinging
|
Bottom of the 7th over - 0 runs, 0 hits, 0 errors, 0 left on base; Lowell 4 - Staten Island 3 |
TOP OF THE 8TH |
Lowell Spinners batting - Pitching for Staten Island Yankees : RHP Kenny Samuels
|
Batting: RHB Willie Camacho
|
0-0: Called Strike 0-1: Ball 1-1: Ball 2-1: Swinging Strike 2-2: SINGLE (Groundball, 34D, EV 108.1 MPH)
|
Batting: RHB Mike Strey
|
0-0: Bunted foul 0-1: Bunted foul 0-2: Ball 1-2: Ball 2-2: Strikes out looking
|
Batting: RHB Jose Molina
|
0-0: Ball 1-0: Called Strike 1-1: Foul Ball, location: 2F 1-2: Foul Ball, location: 2F 1-2: Ball 2-2: SINGLE (Groundball, 34, EV 95.6 MPH) Willie Camacho to second Runner from 2nd tries for 3rd, SAFE, throw by RF made to third
|
Batting: RHB Rogelio Cervantes
|
0-0: Ball 1-0: Ball 2-0: Fly out, F9 (Flyball, 9, EV 91.2 MPH) Runner from 3rd tags up, SCORES, no throw by RF
|
Batting: RHB Matt Parker
|
0-0: Ball Wild Pitch! Jose Molina to second 1-0: Ball 2-0: Ball 3-0: Base on Balls
|
Batting: RHB Xavier Joslin
|
0-0: Ball 1-0: Ball 2-0: Foul Ball, location: 2F 2-1: Ball 3-1: Foul Ball, location: 2F 3-2: Base on Balls Jose Molina to third Matt Parker to second
|
Batting: RHB Tony Gallegos
|
0-0: Ball 1-0: Ball 2-0: Fly out, F8 (Flyball, 8LS, EV 85.0 MPH)
|
Top of the 8th over - 1 run, 2 hits, 0 errors, 3 left on base; Lowell 5 - Staten Island 3 |
BOTTOM OF THE 8TH |
Staten Island Yankees batting - Pitching for Lowell Spinners : RHP Armando Berrios
|
Batting: SHB Tadaaki Kondo
|
0-0: Called Strike 0-1: Foul Ball, location: 2F 0-2: Foul Ball, location: 2F 0-2: Ground out U3 (Groundball, 34, EV 86.2 MPH)
|
Batting: RHB Pat Pemberton
|
0-0: Foul Ball, location: 2F 0-1: Ball 1-1: Ball 2-1: Ground out 6-3 (Groundball, 6, EV 86.2 MPH)
|
Batting: LHB Mike Schermerhorn
|
0-0: Called Strike 0-1: Swinging Strike 0-2: Strikes out swinging
|
Bottom of the 8th over - 0 runs, 0 hits, 0 errors, 0 left on base; Lowell 5 - Staten Island 3 |
TOP OF THE 9TH |
Lowell Spinners batting - Pitching for Staten Island Yankees : RHP Kenny Samuels
|
Batting: RHB Mario Arriero
|
0-0: Ball 1-0: Foul Ball, location: 2F 1-1: Ball 2-1: Foul Ball, location: 2F 2-2: Ground out 5-3 (Groundball, 56S, EV 86.2 MPH)
|
Pitching: LHP Loo Lei
|
|
Batting: RHB Curt Stallings
|
0-0: Foul Ball, location: 2F 0-1: SINGLE (Line Drive, 89S, EV 108.8 MPH)
|
Batting: RHB Willie Camacho
|
0-0: Called Strike 0-1: Foul Ball, location: 2F 0-2: Ball 1-2: Fly out, F5 (Line Drive, 5L, EV 65.0 MPH)
|
Batting: RHB Mike Strey
|
0-0: Ball 1-0: Ball 2-0: Ball 3-0: Called Strike 3-1: Ground out 5-3 (Groundball, 5L, EV 96.9 MPH)
|
Top of the 9th over - 0 runs, 1 hit, 0 errors, 1 left on base; Lowell 5 - Staten Island 3 |
BOTTOM OF THE 9TH |
Staten Island Yankees batting - Pitching for Lowell Spinners : RHP Armando Berrios
|
Pitching: RHP Tim Tucker
|
|
Batting: RHB Brad Wren
|
0-0: Ball 1-0: Ball 2-0: Foul Ball, location: 2F 2-1: Ground out U3 (Groundball, 3, EV 95.0 MPH)
|
Pinch Hitting: LHB Dario Segura
|
0-0: Called Strike 0-1: Ball 1-1: Ball 2-1: Ball 3-1: Fly out, F8 (Flyball, 78S, EV 89.4 MPH)
|
Batting: RHB Danny Ayala
|
0-0: Called Strike 0-1: Swinging Strike 0-2: Foul Ball, location: 2F 0-2: Ball 1-2: Foul Ball, location: 2F 1-2: Strikes out swinging
|
Bottom of the 9th over - 0 runs, 0 hits, 0 errors, 0 left on base; Lowell 5 - Staten Island 3 |
|